 Dungeon Crawl Stone Soup version 0.26-a0-950-g52035dc9a5 (webtiles) character file.

Game seed: 3176853958553934544

11003 Ge0ff the Slinger (level 12, -7/87 HPs)
             Began as a Halfling Hunter on Nov 28, 2020.
             Was an Initiate of Gozag.
             Mangled by a red ugly thing (22 damage)
             ... on level 12 of the Dungeon on Nov 29, 2020.
             The game lasted 00:36:27 (14014 turns).

Ge0ff the Slinger (Halfling Hunter)                Turns: 14014, Time: 00:36:27

Health: -7/87      AC: 16    Str: 15    XL:     12   Next: 2%
Magic:  12/12      EV: 10    Int:  9    God:    Gozag
Gold:   1681       SH:  0    Dex: 18    Spells: 11/11 levels left

rFire    . . .     SeeInvis .   a - +2 hunting sling
rCold    . . .     Faith    .   (shield restricted)
rNeg     . . .     Spirit   .   r - +0 plate armour
rPois    +         Reflect  .   Q - +1 helmet
rElec    .         Harm     .   (no cloak)
rCorr    .         Rampage  .   Y - +0 pair of gloves
MR       +....                  (no boots)
Stlth    ..........             P - amulet of magic regeneration
HPRegen  0.24/turn              K - ring of protection from magic {=R}
MPRegen  0.38/turn              M - ring of poison resistance

@: no status effects
A: small, mutation resistance 1
a: Potion Petition, Call Merchant, Bribe Branch, Renounce Religion


You were on level 12 of the Dungeon.
You worshipped Gozag.
Gozag was most pleased with you.
You visited 2 branches of the dungeon, and saw 13 of its levels.

You collected 1902 gold pieces.
You spent 137 gold pieces at shops.
You paid 84 gold pieces to Gozag.

Inventory:

Hand Weapons
 a - a +2 hunting sling (weapon)
 b - a +1 spectral quarterstaff
 h - a +1 demon trident of electrocution {don't train}
Missiles
 d - 14 sling bullets
 e - 221 stones (quivered) {don't train}
 g - 2 throwing nets {don't train=f}
 l - 13 boomerangs {don't train}
 q - 16 poisoned darts {don't train}
 O - 3 boomerangs of dispersal {don't train}
Armour
 r - a +0 plate armour (worn)
 Q - a +1 helmet (worn)
 Y - a +0 pair of gloves (worn)
Jewellery
 o - an uncursed ring of fire
 K - a ring of protection from magic (left hand) {=R}
 M - a ring of poison resistance (right hand)
 P - an amulet of magic regeneration (around neck)
 S - an uncursed ring of see invisible
 V - an uncursed ring of flight
Wands
 k - a wand of iceblast (6)
 s - a wand of disintegration (6)
 x - a wand of random effects (13)
Scrolls
 m - a scroll of magic mapping
 w - a scroll of enchant armour
 y - 3 scrolls of immolation
 C - 4 scrolls of remove curse
 E - 2 scrolls of fear
 F - a scroll of fog
 J - a scroll of vulnerability {unknown}
 T - 8 scrolls of teleportation
 Z - 2 scrolls of enchant weapon
Potions
 u - 6 potions of curing
 z - 6 potions of brilliance
 A - 2 potions of attraction
 L - a potion of lignification
 N - a potion of cancellation {!q}
 R - a potion of resistance
 U - a potion of haste {!q}
 W - 2 potions of heal wounds {!q}
 X - 5 potions of flight
Miscellaneous
 t - a tin of tremorstones (inert) {don't train}


   Skills:
 * Level 9.8 Fighting
 + Level 3.2 Staves
 * Level 14.7 Slings
 * Level 7.1 Armour
 * Level 7.0 Dodging
 - Level 3.0 Stealth
 + Level 3.8 Evocations


You had 11 spell levels left.
You didn't know any spells.
Your spell library contained the following spells:

 Spells                   Type           Power        Failure   Level
 Animate Skeleton         Necr           #.....       100%        1
 Pain                     Necr           #...         100%        1
 Vampiric Draining        Necr           #.........   100%        3
 Animate Dead             Necr           #.........   100%        4
 Agony                    Necr           #.......     100%        5


Dungeon Overview and Level Annotations

Branches:
Dungeon (12/15)            Temple (1/1) D:6            Lair (0/6) D:10
    Orc: D:9-12

Altars:
Ashenzari
Cheibriados
Dithmenos
Gozag
Hepliaklqana
Kikubaaqudgha
Makhleb
Nemelex Xobeh
Trog
Uskayaw
Vehumet
Wu Jian
Yredelemnul
Zin
The Shining One
Jiyva

Shops:
D:5 *   D:10 *


Innate Abilities, Weirdness & Mutations

You are small and have problems with some larger weapons.
You are somewhat resistant to further mutation.


Message History

Press: ? - help, Shift-Dir - straight line, f/p - red ugly thing
Aim: a red ugly thing (moderately wounded, chance to defeat MR: 65%)
The red ugly thing is blasted!
The red ugly thing tentacle-slaps you but does no damage.
Evoke which item? (* to show all) (? for menu, Esc to quit)
Aiming: Disintegrate
Press: ? - help, Shift-Dir - straight line, f/p - red ugly thing
Aim: a red ugly thing (heavily wounded, chance to defeat MR: 65%)
The red ugly thing is blasted!
The red ugly thing tentacle-slaps you.
You are engulfed in flames!
* * * LOW HITPOINT WARNING * * *
Evoke which item? (* to show all) (? for menu, Esc to quit)
Aiming: Disintegrate
Press: ? - help, Shift-Dir - straight line, f/p - red ugly thing
Aim: a red ugly thing (severely wounded, chance to defeat MR: 65%)
The red ugly thing struggles to resist.
The red ugly thing tentacle-slaps you!
* * * LOW HITPOINT WARNING * * *
You are engulfed in flames!!
You die...
Your body crumbles into a pile of gold.

#..> ...
#..
#######..#
........##
.......###
#..u....#
#.@.#
#..##
#..## #..#
#.# .# .#
..


You could see a red ugly thing.

Vanquished Creatures
  Harold (D:6)
  A two-headed ogre (D:11)
  A cyclops (D:7)
  Joseph (D:7)
  A gargoyle (D:8)
  2 orange demons (D:11)
  2 red devils (D:11)
  A hornet (D:10)
  3 wyverns
  A vampire (D:11)
  5 yaks (D:10)
  A basilisk (D:10)
  3 vampire mosquitoes
  5 water moccasins
  A sky beast (D:10)
  An eye of draining (D:10)
  3 ogres (D:5)
  2 orc warriors
  2 phantoms
  4 black bears
  A necrophage (D:9)
  4 centaurs
  2 big kobolds
  5 bullfrogs
  3 gnoll sergeants
  A scorpion (D:5)
  A water moccasin skeleton (D:5)
  26 wights
  5 howler monkeys (D:7)
  A bullfrog zombie (D:12)
  9 hounds
  5 jellies
  5 orc priests
  9 orc wizards
  6 iguanas
  7 worker ants
  A hound skeleton (D:4)
  A worker ant zombie (D:6)
  A howler monkey zombie (D:8)
  Robin (D:2)
  14 gnolls
  A howler monkey skeleton (D:4)
  12 adders
  An ufetubus (D:5)
  4 oozes
  An adder skeleton (D:4)
  2 worms
  3 dart slugs
  12 leopard geckos
  23 orcs
  2 ball pythons
  10 bats
  5 giant cockroaches
  13 goblins
  9 hobgoblins
  2 jackals (D:8)
  2 quokkas
  5 frilled lizards
  A jackal skeleton (D:8)
  17 kobolds
  A leopard gecko skeleton (D:4)
  A quokka skeleton (D:4)
  3 rats
279 creatures vanquished.

Vanquished Creatures (others)
  A fungus (D:10)
  13 plants (D:10)
14 creatures vanquished.

Grand Total: 293 creatures vanquished

Notes
Turn   | Place    | Note
-------+----------+-------------------------------------------
     0 | D:1      | Ge0ff the Halfling Hunter began the quest for the Orb.
     0 | D:1      | Reached XP level 1. HP: 14/14 MP: 1/1
   112 | D:1      | Reached skill level 6 in Slings
   224 | D:1      | Reached XP level 2. HP: 19/19 MP: 2/2
   634 | D:2      | Noticed a gnoll sergeant
   640 | D:2      | Reached XP level 3. HP: 23/24 MP: 3/3
   920 | D:2      | Reached XP level 4. HP: 29/29 MP: 4/4
   997 | D:2      | Found a glowing golden altar of the Shining One.
  1215 | D:2      | Found a snail-covered altar of Cheibriados.
  1217 | D:2      | Noticed a torpor snail
  1217 | D:2      | Noticed a torpor snail
  1217 | D:2      | Noticed a torpor snail
  1249 | D:2      | Reached skill level 7 in Slings
  1369 | D:2      | Noticed Robin
  1472 | D:2      | Killed Robin
  1736 | D:2      | Reached skill level 8 in Slings
  1736 | D:2      | Reached XP level 5. HP: 31/34 MP: 5/5
  1821 | D:2      | Reached skill level 9 in Slings
  1821 | D:2      | Reached XP level 6. HP: 28/39 MP: 6/6
  2484 | D:3      | Noticed a black bear
  2490 | D:3      | Killed a black bear
  2491 | D:3      | Reached skill level 1 in Armour
  2948 | D:3      | Reached XP level 7. HP: 45/45 MP: 7/7
  3024 | D:3      | Found a glowing silver altar of Zin.
  3024 | D:3      | Found a basalt altar of Yredelemnul.
  3024 | D:3      | Found a hazy altar of Hepliaklqana.
  4445 | D:4      | Reached skill level 10 in Slings
  4848 | D:5      | Entered Level 5 of the Dungeon
  4978 | D:5      | Reached XP level 8. HP: 52/53 MP: 8/8
  5361 | D:5      | Reached skill level 5 in Fighting
  5554 | D:5      | Found Sonneosk's General Store.
  5561 | D:5      | Bought a scroll of fear for 49 gold pieces
  5561 | D:5      | Bought a scroll of identify for 28 gold pieces
  5608 | D:5      | Reached skill level 11 in Slings
  5779 | D:5      | Found a shadowy altar of Dithmenos.
  5821 | D:6      | Found a staircase to the Ecumenical Temple.
  5830 | Temple   | Entered the Ecumenical Temple
  5868 | Temple   | Became a worshipper of Gozag Ym Sagoz the Greedy
  5948 | D:6      | Found a broken altar of Ashenzari.
  6051 | D:6      | Reached XP level 9. HP: 34/62 MP: 9/9
  6450 | D:6      | Found an ornate altar of the Wu Jian Council.
  6707 | D:7      | Noticed Harold
  6825 | D:6      | Killed Harold
  6826 | D:6      | Reached skill level 12 in Slings
  7183 | D:7      | Noticed Joseph
  7492 | D:7      | Killed Joseph
  7661 | D:7      | Reached XP level 10. HP: 72/72 MP: 10/10
  7738 | D:7      | Noticed a cyclops
  7754 | D:7      | Killed a cyclops
  7755 | D:7      | Reached skill level 13 in Slings
  7755 | D:7      | Reached skill level 1 in Evocations
  7982 | D:7      | Reached skill level 1 in Staves
  8401 | D:8      | Noticed a gargoyle
  8422 | D:8      | Killed a gargoyle
  8960 | D:8      | Found a burning altar of Makhleb.
  9001 | D:8      | Found a sparkling altar of Nemelex Xobeh.
  9299 | D:8      | Found a radiant altar of Vehumet.
  9357 | D:8      | You fall into a shaft and drop 3 floors!
  9449 | D:11     | Reached skill level 5 in Armour
  9537 | D:10     | Entered Level 10 of the Dungeon
  9558 | D:10     | Reached skill level 5 in Dodging
  9832 | D:10     | Upgraded the game from 0.26-a0-946-g9485abf61d to
                  | 0.26-a0-950-g52035dc9a5
 10029 | D:9      | Reached XP level 11. HP: 80/80 MP: 11/11
 10799 | D:9      | Found a viscous altar of Jiyva.
 11301 | D:10     | Found Pajusif's General Store.
 11309 | D:10     | Bought a scroll of magic mapping for 38 gold pieces
 11309 | D:10     | Bought a scroll of identify for 22 gold pieces
 11411 | D:10     | Reached skill level 14 in Slings
 11831 | D:10     | Found a staircase to the Lair.
 12848 | D:11     | Noticed a two-headed ogre
 12861 | D:11     | Killed a two-headed ogre
 13712 | D:12     | Noticed a two-headed ogre
 13745 | D:11     | Reached XP level 12. HP: 48/87 MP: 12/12
 14014 | D:12     | Mangled by a red ugly thing

Illustrated notes

Levels and vault maps discovered:
D:1:      minmay_arrival_five_plusses, layout_basic
D:2:      layout_basic, cheibriados_altar_2, tso_altar, uniq_robin
D:3:      layout_loops_corners, gammafunk_temple_overflow_forgotten,
          corexii_hall_statues_i, kennysheep_generic_room_9
D:4:      layout_layer_cave
D:5:      layout_rooms, old_standard_altar, serial_shops, shop
D:6:      layout_basic, nicolae_ashenzari_panopticon,
          nicolae_overflow_hidden_temple, minmay_temple_entry_wispy
D:7:      kennysheep_big_flooded_room, layout_cave_pools, uniq_joseph,
          uniq_harold
D:8:      layout_basic, vehumet_crystals, nemelex_xobeh_ov_fountains_minmay,
          makhleb_heckhound_becter
D:9:      layout_roguey, jiyva_altar_1
D:10:     layout_roguey, minmay_lair_entry_grove, serial_shops,
          nicolae_shop_stone
D:11:     layout_cave_pools, minmay_beelzebubs_servants
D:12:     layout_layer_cave, david_orc_3, basic_altar, hangedman_tree_tricks,
          uniq_sonja
Temple:   hc_temple_tempest_star

Skill      XL: |  1  2  3  4  5  6  7  8  9 10 11 |
---------------+----------------------------------+-----
Slings         | 6 8 9 10 11 12 13 14 | 14.7
Fighting       | 2 3 6 8 9 |  9.8
Stealth        | 2 3 |  3.0
Armour         | 1 3 5 7 |  7.1
Dodging        | 3 5 7 |  7.0
Evocations     | 2 3 |  3.8
Staves         | 2 3 |  3.2

Action                   |  1- 3 |  4- 6 |  7- 9 | 10-12 || total
-------------------------+-------+-------+-------+-------++-------
 Fire: Hunting sling     |    86 |   152 |   340 |   965 ||  1543
Throw: Dart              |       |       |    47 |       ||    47
       Throwing net      |       |       |     4 |     1 ||     5
Evoke: Wand              |       |       |       |     9 ||     9
       Tin of tremorston |       |       |       |     2 ||     2
  Use: Scroll            |     2 |     2 |     8 |     7 ||    19
       Potion            |       |       |     2 |       ||     2
Armor: Leather armour    |     4 |     2 |       |       ||     6
       Scale mail        |       |     1 |    18 |     1 ||    20
       Chain mail        |       |       |       |   107 ||   107
       Plate armour      |       |       |       |    31 ||    31
Dodge: Dodged            |    28 |    11 |    41 |   163 ||   243

Table legend: (Time is in decaauts)
 A = Elapsed time spent in this place.
 B = Non-inter-level travel time spent in this place.
 C = Inter-level travel time spent in this place.
 D = Time resting spent in this place.
 E = Time spent auto-exploring this place.
 F = Levels seen in this place.
 G = Mean time per level.
                   A        B        C        D        E       F      G
               +--------+--------+--------+--------+--------+-----+--------+
         Total |  13466 |  12885 |    581 |    517 |   9724 |  13 | 1035.8 |
       Dungeon |  13416 |  12857 |    559 |    517 |   9697 |  12 | 1118.0 |
        Temple |     50 |     28 |     22 |      0 |     27 |   1 |   50.0 |
               +--------+--------+--------+--------+--------+-----+--------+

Top non-repeatable levels by time:
     D:2: 1639 daAuts
    D:11: 1558 daAuts
    D:10: 1427 daAuts
     D:4: 1400 daAuts
     D:8: 1304 daAuts
     D:6: 1272 daAuts
     D:7: 1128 daAuts
     D:3: 1108 daAuts
     D:5: 936 daAuts
     D:9: 926 daAuts
     D:1: 625 daAuts
    D:12: 88 daAuts
  Temple: 50 daAuts
